 Dungeon Crawl Stone Soup version 0.29.1-4-g47bece8355 (webtiles) character file.

Game seed: 13581577226287176241

102 GigaChad the Magician (level 4, 0/35 HPs)
             Began as a Draconian Wanderer on Dec 9, 2022.
             Slain by a hobgoblin
             ... wielding a +0 mace
              (6 damage)
             ... on level 3 of the Dungeon.
             The game lasted 00:05:05 (3674 turns).

GigaChad the Magician (Draconian Wanderer)          Turns: 3674, Time: 00:05:05

Health: 0/35       AC:  5    Str: 16    XL:     4   Next: 50%
Magic:  11/11      EV: 11    Int: 11    God:
Gold:   66         SH:  4    Dex: 12    Spells: 12/13 levels left

rFire   . . .      SeeInvis .   e - +0 short sword
rCold   . . .      Faith    .   c - +0 buckler
rNeg    . . .      Spirit   .   (body armour unavailable)
rPois   .          Reflect  .   (helmet restricted)
rElec   .          Harm     .   (no cloak)
rCorr   .          Rampage  .   (no gloves)
Will    .....                   (no boots)
Stlth   +.........              (no amulet)
HPRegen 0.11/turn               (no ring)
MPRegen 0.12/turn               (no ring)

@: very slow
A: AC +5, unfitting armour, cold-blooded
a: no special abilities


You were on level 3 of the Dungeon.
You visited 1 branch of the dungeon, and saw 3 of its levels.

You collected 66 gold pieces.

Inventory:

Hand Weapons
 a - a +0 club
 e - a +0 short sword (weapon)
Armour
 c - a +0 buckler (worn)
Jewellery
 o - a +6 ring of dexterity
Scrolls
 b - 2 scrolls of blinking
 d - 2 scrolls of fog {unknown}
 g - a scroll of poison {unknown}
 h - a scroll of immolation {unknown}
 j - a scroll of teleportation {unknown}
 l - a scroll of identify {unknown}
Potions
 f - a potion of ambrosia {unknown}
 i - a potion of brilliance {unknown}
 k - a potion of haste {unknown}
 m - a potion of flight {unknown}
 n - a potion of heal wounds {unknown}


   Skills:
 + Level 1.2 Fighting
 + Level 2.1 Short Blades
 + Level 1.4 Dodging
 + Level 0.4 Stealth
 + Level 1.3 Shields
 + Level 5.3 Spellcasting
 + Level 3.2 Ice Magic
 + Level 1.0 Air Magic


You had 12 spell levels left.
You knew the following spells:

 Your Spells              Type           Power      Damage    Failure   Level
a - Freeze                Ice            40%        1d6       7%          1

Your spell library contained the following spells:

 Spells                   Type           Power      Damage    Failure   Level
 Shock                    Conj/Air       16%        1d4       22%         1
 Frozen Ramparts          Ice            20%        1d4       22%         3
 Mephitic Cloud           Conj/Pois/Air  3%         N/A       56%         3
 Dazzling Flash           Conj/Hex       4%         N/A       63%         3
 Hailstorm                Conj/Ice       6%         3d4       80%         4
 Olgreb's Toxic Radiance  Pois           2%         N/A       95%         4
 Silence                  Hex/Air        2%         N/A       99%         5
 Agony                    Necr           2%         N/A       100%        5
 Ozocubu's Refrigeration  Ice            5%         4d8       100%        7
 Ignition                 Fire           1%         3d3       100%        8


Dungeon Overview and Level Annotations

Branches:
Dungeon (3/15)

Altars:

Shops:
D:1 =!*


Innate Abilities, Weirdness & Mutations

Your plain brown scales are hard. (AC +5)
You cannot fit into any form of body armour.
You are cold-blooded and may be slowed by cold attacks.


Message History

The hobgoblin hits you with a +0 mace. The goblin hits you with a +0 club.
You completely miss the hobgoblin.
The hobgoblin is heavily wounded.
The hobgoblin misses you. The goblin closely misses you.
Your unstable footing causes you to fumble your attack.
You block the hobgoblin's attack. The goblin closely misses you.
You barely miss the hobgoblin.
The hobgoblin is heavily wounded.
The hobgoblin misses you. The goblin hits you but does no damage.
You barely miss the hobgoblin.
The hobgoblin is heavily wounded.
The hobgoblin closely misses you. The goblin closely misses you.
You hit the hobgoblin but do no damage.
The hobgoblin is heavily wounded.
The hobgoblin misses you. The goblin barely misses you.
Your unstable footing causes you to fumble your attack.
The hobgoblin hits you with a +0 mace! The goblin misses you.
You closely miss the hobgoblin.
The hobgoblin is heavily wounded.
The hobgoblin hits you with a +0 mace. The goblin barely misses you.
You hit the hobgoblin.
The hobgoblin is severely wounded.
The hobgoblin hits you with a +0 mace.
* * * LOW HITPOINT WARNING * * *
The goblin hits you with a +0 club.
* * * LOW HITPOINT WARNING * * *
You barely miss the hobgoblin.
The hobgoblin is severely wounded.
The hobgoblin barely misses you. You block the goblin's attack.
You hit the hobgoblin.
The hobgoblin is almost dead.
The hobgoblin barely misses you. The goblin hits you with a +0 club.
* * * LOW HITPOINT WARNING * * *
You closely miss the hobgoblin.
The hobgoblin is almost dead.
The hobgoblin misses you. The goblin barely misses you.
You closely miss the hobgoblin.
The hobgoblin is almost dead.
The hobgoblin hits you with a +0 mace.
You die...

#.# .. #.......# #.# ...
#....... #.# ....
#....... #.#
....##.......## #.#
≈~~....#..##..# #.#
~≈~.~~....###.### #.#
≈~≈~.~.~g.......######..
≈≈≈≈≈~~@g....)..........
≈~≈≈≈≈≈~~~~~.~..~.~.~...
.~~~≈≈≈≈≈≈~P~≈~~~~~~~~~~
.~~~≈≈≈≈≈≈≈~~~≈≈≈≈≈≈≈≈~~
...PP~~~~≈≈≈~~~~~≈≈≈≈≈≈≈
..(....~~≈~~.~~~~~~~~P≈≈
........~.~~.....~..P~..
!.:.....................


You could see a hobgoblin and a goblin.

Vanquished Creatures
  A howler monkey (D:2)
  A worm (D:2)
  2 dart slugs (D:2)
  2 orcs (D:3)
  2 ball pythons (D:1)
  3 endoplasms
  4 giant cockroaches
  8 hobgoblins
  4 kobolds
  3 quokkas (D:1)
  3 bats
  7 frilled lizards
  6 goblins
  5 rats
51 creatures vanquished.

Vanquished Creatures (others)
  3 plants (D:3)
3 creatures vanquished.

Grand Total: 54 creatures vanquished

Notes
Turn   | Place    | Note
-------+----------+-------------------------------------------
     0 | D:1      | GigaChad the Draconian Wanderer began the quest for the
                  | Orb.
     0 | D:1      | GigaChad set off with the following items: a +0 club, a
                  | scroll of blinking, a +0 buckler; and the following spells
                  | available to memorise: Freeze, Shock, Frozen Ramparts,
                  | Mephitic Cloud, Hailstorm.
     0 | D:1      | Reached XP level 1. HP: 14/14 MP: 6/6
   181 | D:1      | Found Ziof's Assorted Antiques.
   398 | D:1      | Found Asugh's Distillery.
   410 | D:1      | Reached XP level 2. HP: 17/20 MP: 8/8
  1062 | D:1      | Learned a level 1 spell: Freeze
  1415 | D:1      | Reached XP level 3. HP: 26/27 MP: 9/9
  1453 | D:1      | Found Sumy Cio's Jewellery Shoppe.
  1682 | D:2      | Reached skill level 1 in Short Blades
  2110 | D:2      | Reached skill level 1 in Dodging
  2800 | D:2      | Reached skill level 1 in Fighting
  2800 | D:2      | Reached XP level 4. HP: 20/35 MP: 11/11
  3190 | D:2      | Found a faded altar of an unknown god.
  3674 | D:3      | Slain by a hobgoblin

Illustrated notes

Levels and vault maps discovered:
D:1:      sevenhm_arrival_forest_fort_small_4, layout_basic, serial_shops,
          shop_fountains, shop, shop
D:2:      layout_basic, ebering_ecumenical_altar_mist
D:3:      layout_basic, jmf_multi_god_temple, chequers_big_river

Skill      XL: |  1  2  3 |
---------------+----------+-----
Short Blades   | 2 |  2.1
Dodging        | 1 |  1.4
Fighting       | 1 |  1.2
Stealth        | |  0.4
Shields        | |  1.3
Spellcasting   | |  5.3
Ice Magic      | |  3.2
Air Magic      | |  1.0

Action                   |  1- 3 |  4- 6 || total
-------------------------+-------+-------++-------
Melee: Short sword       |   188 |    47 ||   235
       Club              |     7 |       ||     7
       Tailslap          |    26 |     8 ||    34
Armor: Skin              |    78 |     8 ||    86
Dodge: Dodged            |   124 |    36 ||   160
Block: Buckler           |    28 |    13 ||    41
